 Dungeon Sprint DCSS version 0.27-a0-1278-g6cbc8dfb29 (webtiles) character file.

Game seed: 4123915179769613689

709 mhtbhm the Summoner (level 7, -1/46 HPs)
             Began as a Barachi Summoner on June 12, 2021.
             Was a Priest of Sif Muna.
             Shot with an arrow by a centaur warrior (16 damage)
             ... in the Dungeon (Sprint IX: "|||||||||||||||||||||||||||||").
             The game lasted 00:04:20 (1503 turns).

mhtbhm the Summoner (Barachi Summoner)              Turns: 1503, Time: 00:04:21

Health: -1/46      AC:  4    Str: 12    XL:     7   Next: 68%
Magic:  5/20       EV: 13    Int: 21    God:    Sif Muna [***...]
Gold:   0          SH:  0    Dex: 12    Spells: 8/25 levels left

rFire    . . .     SeeInvis .   l - +2 scimitar (flame)
rCold    . . .     Faith    .   (no shield)
rNeg     . . .     Spirit   .   a - +0 robe
rPois    .         Reflect  .   (no helmet)
rElec    .         Harm     .   (no cloak)
rCorr    .         Rampage  .   k - +0 pair of gloves
Will     .....     NoTele   +   j - +0 pair of boots
Stlth    ++........             (no amulet)
HPRegen  0.15/turn              m - +3 ring of intelligence
MPRegen  0.17/turn              n - +3 ring of strength

@: slow
A: amphibious, slowness 1, strong legs 1, +LOS
a: Hop, Renounce Religion, Channel Magic, Forget Spell


You were in the Dungeon.
You worshipped Sif Muna.
Sif Muna was most pleased with you.
You visited 1 branch

Inventory:

Hand Weapons
 l - a +2 scimitar of flaming (weapon)
Armour
 a - a +0 robe (worn)
 j - a +0 pair of boots (worn)
 k - a +0 pair of gloves (worn)
Jewellery
 m - a +3 ring of intelligence (left hand)
 n - a +3 ring of strength (right hand)
Wands
 i - a wand of iceblast (5)
Scrolls
 g - 2 scrolls of amnesia
 h - 2 scrolls of blinking
Potions
 b - a potion of invisibility
 c - a potion of curing
 d - a potion of heal wounds
 e - a potion of haste
 f - 4 potions of magic


   Skills:
 + Level 4.4 Dodging
 - Level 2.2 Stealth
 - Level 0.5 Unarmed Combat
 + Level 9.5 Spellcasting
 + Level 0.8 Hexes
 + Level 14.2 Summonings
 + Level 3.9 Ice Magic
 + Level 0.4 Air Magic
 + Level 3.2 Evocations


You had 8 spell levels left.
You knew the following spells:

 Your Spells              Type           Power      Damage    Failure   Level
a - Summon Small Mammal   Summ           100%       N/A       1%          1
b - Call Imp              Summ           62%        N/A       1%          2
c - Call Canine Familiar  Summ           62%        N/A       1%          3
d - Summon Guardian Gole  Hex/Summ       41%        N/A       1%          3
e - Summon Ice Beast      Ice/Summ       48%        N/A       1%          4
f - Summon Lightning Spi  Summ/Air       40%        N/A       3%          4

Your spell library contained the following spells:

 Spells                   Type           Power      Damage    Failure   Level


Dungeon Overview and Level Annotations

Branches:
Dungeon (1/1)

Altars:
Cheibriados
Dithmenos
Elyvilon
Fedhas
Gozag
Hepliaklqana
Kikubaaqudgha
Makhleb
Nemelex Xobeh
Okawaru
Qazlal
Ru
Sif Muna
Trog
Uskayaw
Vehumet
Wu Jian
Xom
Yredelemnul
Zin
The Shining One
Beogh
Jiyva
Lugonu


Innate Abilities, Weirdness & Mutations

You are amphibious.
You cover ground slowly.
You can hop short distances.
You have an extended range of vision and can be seen from far away.


Message History

You have reached level 7!
The centaur warrior wields a +0 longbow.
The centaur warrior shoots an arrow.
The arrow hits your lightning spire!
Your lightning spire shoots out a bolt of lightning at the centaur warrior!
The bolt of electricity hits the centaur warrior!
The bolt of electricity hits the brown ugly thing!
The centaur warrior shoots an arrow.
The arrow barely misses your lightning spire.
The arrow hits you!!
Your lightning spire is engulfed in blazing flames.
Your lightning spire shoots out a bolt of lightning at the centaur warrior!
The bolt of electricity hits the centaur warrior!
The bolt of electricity hits the brown ugly thing!
The bolt of electricity hits something!
Sif Muna accepts your kill.
You can now freely open your mind to new spells.
Reactivating autopickup.
You feel a bit more experienced.
The centaur warrior shoots an arrow.
The arrow hits your lightning spire!
Your lightning spire is destroyed!
The brown ugly thing gurgles horribly!
The centaur warrior shouts!
The centaur warrior shoots an arrow.
The arrow hits you!
* * * LOW HITPOINT WARNING * * *
Unknown command.
You feel much better.
The centaur warrior shoots an arrow.
The arrow barely misses you.
The centaur warrior shoots an arrow.
The arrow closely misses you.
Unknown command.
Casting: Summon Lightning Spire (dangerous; 3% risk of failure)
Confirm with . or Enter, or press ? or * to list all spells.
A chill wind blows around you.
The centaur warrior shoots an arrow.
The arrow misses your ice beast. The arrow hits you!!
Unknown command.
The centaur warrior shoots an arrow.
The arrow hits your ice beast!!
Your ice beast is engulfed in blazing flames.
Your ice beast dies!
Unknown command.
The centaur warrior shoots an arrow.
The arrow hits you!
You die... ▓▓▓▓▓▓▓▓▓▓▓▓▓▓▓▓▓▓▓▓▓▓▓▓▓▓▓▓▓ +{.)uc§'§...@.'..[...)..'____ ▓▓▓▓▓▓▓▓▓▓▓▓▓▓▓▓▓▓▓▓▓▓▓▓▓▓▓▓▓

You could see a brown ugly thing and a centaur warrior.

Vanquished Creatures
  A troll (D)
  A yak (D)
  A white imp (D)
  An adder zombie (D)
  An orc (D)
  A quokka zombie (D)
6 creatures vanquished.

Vanquished Creatures (collateral kills)
  A centaur (D)
  A kobold brigand (D)
  3 howler monkeys (D)
  2 orc wizards (D)
  An adder (D)
  An endoplasm (D)
  A hobgoblin (D)
  A jackal (D)
  2 quokkas (D)
13 creatures vanquished.

Vanquished Creatures (others)
  A cyclops (D)
1 creature vanquished.

Grand Total: 20 creatures vanquished

Notes
Turn   | Place    | Note
-------+----------+-------------------------------------------
     0 | D        | mhtbhm the Barachi Summoner began the quest for the Orb.
     0 | D        | Reached XP level 1. HP: 13/13 MP: 3/3
     8 | D        | Reached skill level 5 in Summonings
   503 | D        | Reached skill level 6 in Summonings
   503 | D        | Reached XP level 2. HP: 19/19 MP: 0/5
   522 | D        | Reached skill level 7 in Summonings
   653 | D        | Learned a level 2 spell: Call Imp
   665 | D        | Found a snail-covered altar of Cheibriados.
   665 | D        | Found a shadowy altar of Dithmenos.
   665 | D        | Found a white marble altar of Elyvilon.
   665 | D        | Found a blossoming altar of Fedhas.
   665 | D        | Found an opulent altar of Gozag.
   665 | D        | Found a hazy altar of Hepliaklqana.
   666 | D        | Found a viscous altar of Jiyva.
   667 | D        | Found an ancient bone altar of Kikubaaqudgha.
   668 | D        | Found a corrupted altar of Lugonu.
   669 | D        | Found a burning altar of Makhleb.
   670 | D        | Found a sparkling altar of Nemelex Xobeh.
   671 | D        | Found an iron altar of Okawaru.
   672 | D        | Found a stormy altar of Qazlal.
   673 | D        | Found a sacrificial altar of Ru.
   674 | D        | Found a shimmering blue altar of Sif Muna.
   675 | D        | Found a bloodstained altar of Trog.
   676 | D        | Found a hide-covered altar of Uskayaw.
   677 | D        | Found a radiant altar of Vehumet.
   678 | D        | Found an ornate altar of the Wu Jian Council.
   679 | D        | Found a shimmering altar of Xom.
   680 | D        | Found a basalt altar of Yredelemnul.
   681 | D        | Found a glowing silver altar of Zin.
   682 | D        | Found a glowing golden altar of the Shining One.
   685 | D        | Became a worshipper of Sif Muna the Loreminder
   734 | D        | Noticed a centaur
   734 | D        | Noticed a howler monkey
   734 | D        | Noticed a howler monkey
   734 | D        | Noticed a kobold brigand
   734 | D        | Noticed a yak
   734 | D        | Noticed a troll
   744 | D        | Killed a troll
   745 | D        | Reached skill level 11 in Summonings
   745 | D        | Reached skill level 1 in Evocations
   745 | D        | Reached XP level 3. HP: 24/24 MP: 1/10
   745 | D        | Reached XP level 4. HP: 30/30 MP: 1/12
   745 | D        | Reached XP level 5. HP: 35/35 MP: 1/13
   937 | D        | Learned a level 3 spell: Call Canine Familiar
   941 | D        | Learned a level 3 spell: Summon Guardian Golem
   946 | D        | Learned a level 4 spell: Summon Ice Beast
   965 | D        | Killed a yak
   966 | D        | Reached skill level 12 in Summonings
   966 | D        | Reached skill level 1 in Ice Magic
   966 | D        | Reached XP level 6. HP: 41/41 MP: 7/15
  1001 | D        | Reached * piety under Sif Muna
  1194 | D        | Reached ** piety under Sif Muna
  1195 | D        | Reached skill level 13 in Summonings
  1479 | D        | Learned a level 4 spell: Summon Lightning Spire
  1484 | D        | Noticed a brown ugly thing
  1484 | D        | Noticed a centaur warrior
  1484 | D        | Noticed a cyclops
  1495 | D        | Killed a cyclops
  1496 | D        | Reached skill level 14 in Summonings
  1496 | D        | Reached XP level 7. HP: 39/46 MP: 7/20
  1497 | D        | Reached *** piety under Sif Muna
  1503 | D        | Shot with an arrow by a centaur warrior

Illustrated notes

Levels and vault maps discovered:
D:        linesprint [early_d, line_temple, items_1, d_10, items_2, lair_1,
          lair_end, items_3, orc_1, orc_end, items_4, d_15, swamp_1, shoals_1,
          snake_1, spider_1, d_20, vaults_1, items_5, swamp_end, shoals_end,
          snake_end, spider_end, vaults_end, d_27, items_6, zot_1, zot_end,
          crypt_end, forest_end, elf_end, slime_end, tomb_end, abyss_end,
          pan_hell_end]

Skill      XL: |  1  2  3  4  5  6 |
---------------+-------------------+-----
Summonings     | 6 11 12 14 | 14.2
Stealth        | 2 |  2.2
Spellcasting   | 6 9 |  9.5
Dodging        | 3 4 |  4.4
Evocations     | 1 2 3 |  3.2
Ice Magic      | 1 3 |  3.9
Unarmed Combat | |  0.5
Hexes          | |  0.8
Air Magic      | |  0.4

Action                   |  1- 3 |  4- 6 |  7- 9 || total
-------------------------+-------+-------+-------++-------
Melee: Unarmed           |    10 |       |       ||    10
       Scimitar          |       |     1 |       ||     1
 Cast: Summon Small Mamm |    12 |       |       ||    12
       Call Imp          |     3 |       |       ||     3
       Summon Ice Beast  |       |     6 |     1 ||     7
       Call Canine Famil |       |     4 |       ||     4
       Summon Lightning  |       |     1 |       ||     1
       Summon Guardian G |       |     1 |       ||     1
Evoke: Wand              |     3 |     2 |       ||     5
  Use: Potion            |     2 |     4 |     1 ||     7
Armor: Robe              |       |     1 |       ||     1
Dodge: Dodged            |     3 |    10 |     2 ||    15

Table legend: (Time is in decaauts)
 A = Elapsed time spent in this place.
 B = Non-inter-level travel time spent in this place.
 C = Inter-level travel time spent in this place.
 D = Time resting spent in this place.
 E = Time spent auto-exploring this place.
 F = Levels seen in this place.
 G = Mean time per level.
                   A        B        C        D        E       F      G
               +--------+--------+--------+--------+--------+-----+--------+
         Total |   1550 |   1550 |      0 |   1142 |      1 |   1 | 1550.0 |
       Dungeon |   1550 |   1550 |      0 |   1142 |      1 |   1 | 1550.0 |
               +--------+--------+--------+--------+--------+-----+--------+

Top non-repeatable levels by time:
       D: 1550 daAuts
